 Dungeon Crawl Stone Soup version 0.29.1-2-gbd0b4ee654 (webtiles) character file.

Game seed: 4471436002762450479

1931 DildoBatman the Blocker (level 9, -10/63 HPs)
             Began as a Formicid Conjurer on Nov 24, 2022.
             Was a Follower of Kikubaaqudgha.
             Mangled by an orc knight
             ... wielding a +0 war axe
              (22 damage)
             ... in a bailey.
             The game lasted 00:24:06 (7484 turns).

DildoBatman the Blocker (Formicid Conjurer)         Turns: 7484, Time: 00:24:07

Health: -10/63     AC:  8    Str:  7    XL:     9   Next: 40%
Magic:  15/19      EV: 10    Int: 25    God:    Kikubaaqudgha [*.....]
Gold:   321        SH: 10    Dex: 12    Spells: 16/22 levels left

rFire   . . .      SeeInvis +   a - +10 whip of Reason {vorpal, rN+ Str-5 Int+3 SInv}
rCold   + . .      Faith    .   t - +0 kite shield
rNeg    + . .      Spirit   .   y - +2 leather armour {rC+}
rPois   .          Reflect  .   (helmet unavailable)
rElec   .          Harm     .   (no cloak)
rCorr   .          Rampage  .   H - +0 pair of gloves
Will    .....                   (no boots)
Stlth   ++........              (no amulet)
HPRegen 0.20/turn               (no ring)
MPRegen 0.16/turn               (no ring)

@: mighty, studying Axes, unable to drink
A: permanent stasis, dig shafts and tunnels, antennae 3, four strong arms,
iridescent scales 1, no potion heal 1, inability to drink after injury 1
a: Dig, Renounce Religion, Unearth Wretches


You were in a bailey.
You worshipped Kikubaaqudgha.
Kikubaaqudgha was aware of your devotion.
You visited 2 branches of the dungeon, and saw 9 of its levels.
You also visited: Sewer and Bailey.

You collected 321 gold pieces.

Inventory:

Hand Weapons
 a - the +10 whip of Reason (weapon) {vorpal, rN+ Str-5 Int+3 SInv}
   (You found it on level 2 of the Dungeon)

   It inflicts extra damage upon your enemies.
   Str:       It affects your strength (-5).
   Int:       It affects your intelligence (+3).
   rN:        It protects you from negative energy.
   SInv:      It lets you see invisible.
 b - a +0 sling
 c - the +5 hand axe of Jotum {speed, rF+}
   (You found it on level 3 of the Dungeon)

   Attacks with this weapon are significantly faster.
   rF:        It protects you from fire.
 d - the +5 dagger "Ucuaceas" {flame, rN++}
   (You found it on level 4 of the Dungeon)

   It burns those it strikes, dealing additional fire damage.
   rN:        It greatly protects you from negative energy.
Missiles
 k - a throwing net
 v - 14 boomerangs
 D - 67 stones
 F - 7 poisoned darts
Armour
 s - the +0 leather armour "Ysagua" {Will+}
   (You found it in a sewer)

   Will:      It increases your willpower.
 t - a +0 kite shield (worn)
 y - a +2 leather armour of cold resistance (worn)
 H - a +0 pair of gloves (worn)
Wands
 h - a wand of roots (5)
Scrolls
 j - a scroll of silence {unknown}
 n - a scroll of summoning {unknown}
 q - a scroll of enchant weapon {unknown}
 w - 2 scrolls of enchant armour {unknown}
 A - a scroll of noise {unknown}
 G - a scroll of amnesia {unknown}
Potions
 e - 3 potions of curing
 g - 3 potions of lignification
 i - a potion of resistance {unknown}
 l - 2 potions of ambrosia
 m - a potion of heal wounds {unknown}
 p - a potion of cancellation {unknown}
 r - a potion of might
 u - 3 potions of attraction
 x - a potion of flight {unknown}
 B - a potion of haste {unknown}
 E - a potion of magic


   Skills:
 - Level 3.0 Fighting
 - Level 3.0 Armour
 - Level 2.0 Dodging
 - Level 2.4 Stealth
 * Level 8.8 Shields
 - Level 7.0 Spellcasting
 - Level 6.0 Conjurations


You had 16 spell levels left.
You knew the following spells:

 Your Spells              Type           Power      Damage    Failure   Level
a - Searing Ray           Conj           76%        2d7       2%          2
b - Dazzling Flash        Conj/Hex       46%        N/A       16%         3
c - Magic Dart            Conj           100%       1d8       1%          1

Your spell library contained the following spells:

 Spells                   Type           Power      Damage    Failure   Level
 Necrotise                Necr           32%        1d5       19%         1
 Summon Small Mammal      Summ           32%        N/A       19%         1
 Sublimation of Blood     Necr           8%         N/A       28%         2
 Fulminant Prism          Conj/Hex       11%        3d9       47%         4
 Iskenderun's Mystic Bla  Conj/Tloc      23%        2d6       47%         4
 Call Canine Familiar     Summ           8%         N/A       50%         3
 Gell's Gravitas          Tloc           8%         N/A       50%         3
 Lesser Beckoning         Tloc           8%         N/A       50%         3
 Summon Guardian Golem    Hex/Summ       8%         N/A       50%         3
 Teleport Other           Tloc           8%         N/A       50%         3
 Vampiric Draining        Necr           8%         2d6       50%         3
 Animate Dead             Necr           8%         N/A       88%         4


Dungeon Overview and Level Annotations

Branches:
Dungeon (9/15)             Temple (1/1) D:7           Sewer (visited)
 Bailey (1/1)
   Lair: D:8-11         Orc: D:9-12

Altars:
Ashenzari
Cheibriados
Dithmenos
Elyvilon
Fedhas
Gozag
Hepliaklqana
Kikubaaqudgha
Makhleb
Okawaru
Qazlal
Ru
Sif Muna
Trog
Uskayaw
Vehumet
Wu Jian
Xom
Yredelemnul
Zin
The Shining One
Lugonu

Portals:
Abyss: D:9

Annotations:
D:6 2 transporters, GorkyZ's ghost, novice FoFi
D:9 exclusion: lurking horror


Innate Abilities, Weirdness & Mutations

You cannot be hasted, slowed, berserked, paralysed or teleported.
You can dig through walls and to a lower floor.
You have a pair of large antennae on your head. (SInv)
Your four strong arms can wield two-handed weapons with a shield.
You are partially covered in iridescent scales. (AC +2)
Potions are less effective at restoring your health.
You occasionally lose the ability to drink potions when taking damage.


Message History

Spell assigned to 'b'.
Casting: Magic Dart (safe; 1% risk of failure)
Confirm with . or Enter, or press ? or * to list all spells.
You can't see any susceptible monsters within range! (Use Z to cast anyway.)
Casting: Magic Dart (safe; 1% risk of failure)
Confirm with . or Enter, or press ? or * to list all spells.
Aiming: Searing Ray (safe; 2% risk of failure)
Press: ? - help, Shift-Dir - straight line, f - orc knight
Aim: an orc knight, wielding a +0 war axe and wearing a +0 chain mail (78% to hit)
Okay, then.
You feel very mighty all of a sudden.
Casting: Searing Ray (safe; 2% risk of failure)
Confirm with . or Enter, or press ? or * to list all spells.
Casting: Dazzling Flash (dangerous; 16% risk of failure)
Press: ? - help, Dir - look around, f - activate The orc knight is dazzled.
You closely miss the orc knight.
The orc knight hits you with a +0 war axe!
You hit the orc knight but do no damage.
You block the orc knight's attack.
The orc knight hits you with a +0 war axe!
You hit the orc knight.
The orc knight is lightly wounded.
The orc knight closely misses you. You block the orc's attack.
You barely miss the orc knight.
The orc knight is lightly wounded.
You block the orc knight's attack. The orc hits you but does no damage.
You hit the orc knight.
The orc knight is lightly wounded.
The orc knight hits you with a +0 war axe!!
You feel threatened and lose the ability to drink potions!
You block the orc's attack.
You whack the orc knight!
The orc knight is moderately wounded.
The orc knight is no longer blind.
The orc knight hits you with a +0 war axe!!
You die...
Kikubaaqudgha rasps: "You have failed me!
Welcome... death!"

♣♣♣♣♣
♣♣♣♣♣♣♣♣♣♣.∩.♣♣♣♣♣♣♣♣♣♣
♣≈≈≈≈≈≈........@≈≈≈≈≈≈♣
≈≈≈≈≈≈≈....∩..oo≈≈≈≈≈≈≈
≈≈#####......÷..#####≈≈
...##....)..##...##
....##.[)[.##.....##
.8...##'''##...8...##
.......).)..........##
...............{.....#
.8....o........8..8..#


You could see an orc knight and an orc (strong).

Vanquished Creatures
  Sigmund (D:2)
  Eustachio (D:5)
  A sky beast (D:6)
  A black bear (D:4)
  An ice beast (D:6)
  2 bullfrogs (Sewer)
  A necrophage (D:6)
  4 scorpions (D:5)
  4 killer bees (D:9)
  A howler monkey (D:4)
  An orc priest (D:5)
  7 hounds
  An iguana (D:6)
  Natasha (thrice) (D:2)
  2 orc wizards
  Robin (D:3)
  6 gnolls
  7 adders
  A shadow imp (D:5)
  2 white imps
  3 ufetubi
  3 worms
  2 dart slugs
  14 orcs
  5 endoplasms
  11 giant cockroaches
  13 goblins
  12 hobgoblins
  6 jackals (D:2)
  14 quokkas
  7 ball pythons
  6 bats
  13 frilled lizards
  16 kobolds
  6 rats
179 creatures vanquished.

Notes
Turn   | Place    | Note
-------+----------+-------------------------------------------
     0 | D:1      | DildoBatman the Formicid Conjurer began the quest for the
                  | Orb.
     0 | D:1      | Reached XP level 1. HP: 13/13 MP: 3/3
   599 | D:1      | Reached XP level 2. HP: 20/20 MP: 1/5
   602 | D:1      | Learned a level 2 spell: Searing Ray
   979 | D:2      | Found a shadowy altar of Dithmenos.
   985 | D:2      | Reached skill level 1 in Fighting
   985 | D:2      | Reached skill level 1 in Armour
   985 | D:2      | Reached XP level 3. HP: 19/26 MP: 0/6
  1081 | D:2      | Identified the +10 whip of Reason {vorpal, rN+ Str-5 Int+3
                  | SInv}
  1134 | D:2      | Noticed Natasha
  1404 | D:2      | Reached skill level 1 in Shields
  1404 | D:2      | Reached XP level 4. HP: 22/32 MP: 2/8
  1415 | D:2      | Noticed Sigmund
  1424 | D:2      | You fall into a shaft and drop 1 floor!
  1545 | D:3      | Found a glowing drain.
  1598 | D:3      | Identified the +5 hand axe of Jotum {speed, rF+}
  1776 | Sewer    | Entered a sewer
  1923 | Sewer    | Reached XP level 5. HP: 38/38 MP: 6/9
  1999 | Sewer    | Reached skill level 2 in Shields
  2086 | Sewer    | Noticed a bullfrog
  2110 | Sewer    | Noticed a bullfrog
  2113 | Sewer    | Killed a bullfrog
  2152 | Sewer    | Killed a bullfrog
  2153 | Sewer    | Reached XP level 6. HP: 46/46 MP: 4/11
  2180 | Sewer    | Identified the +0 leather armour "Ysagua" {Will+}
  2727 | D:3      | Reached skill level 3 in Shields
  2886 | D:3      | Found a faded altar of an unknown god.
  3023 | D:3      | Noticed Robin
  3356 | D:4      | Found a stormy altar of Qazlal.
  3413 | D:4      | Noticed a black bear
  3415 | D:4      | Found a sacrificial altar of Ru.
  3418 | D:4      | Found an iron altar of Okawaru.
  3420 | D:4      | Found a radiant altar of Vehumet.
  3432 | D:4      | Killed a black bear
  3433 | D:4      | Reached XP level 7. HP: 50/52 MP: 2/12
  3548 | D:5      | Entered Level 5 of the Dungeon
  3975 | D:5      | Reached skill level 5 in Conjurations
  4306 | D:5      | Reached skill level 5 in Spellcasting
  4306 | D:5      | Reached XP level 8. HP: 49/58 MP: 7/15
  4401 | D:5      | Noticed Eustachio
  5027 | D:6      | Found a transporter.
  5028 | D:6      | Found a transporter.
  5043 | D:6      | Noticed GorkyZ's ghost (novice FoFi)
  5409 | D:7      | Found a staircase to the Ecumenical Temple.
  5416 | Temple   | Entered the Ecumenical Temple
  5618 | Temple   | Became a worshipper of Kikubaaqudgha
  5732 | D:2      | Killed Sigmund
  5733 | D:2      | Reached skill level 4 in Shields
  5916 | D:2      | Killed Natasha
  6000 | D:2      | Noticed Natasha
  6003 | D:2      | Killed Natasha
  6098 | D:2      | Noticed Natasha
  6103 | D:2      | Killed Natasha
  6104 | D:2      | Reached skill level 5 in Shields
  6178 | D:3      | Killed Robin
  6179 | D:3      | Reached XP level 9. HP: 57/63 MP: 10/19
  6337 | D:4      | Reached * piety under Kikubaaqudgha
  6337 | D:4      | Received a gift from Kikubaaqudgha
  6394 | D:4      | Identified the +5 dagger "Ucuaceas" {flame, rN++}
  6427 | D:4      | Reached skill level 6 in Shields
  6722 | D:5      | Killed Eustachio
  6723 | D:5      | Reached skill level 7 in Shields
  6801 | D:6      | HP: 1/63 [steam dragon] (5)]
  6803 | D:6      | You fall into a shaft and drop 3 floors!
  6863 | D:9      | Found a corrupted altar of Lugonu.
  6866 | D:9      | Found a one-way gate to the infinite horrors of the Abyss.
  6923 | D:9      | Reached skill level 8 in Shields
  6967 | D:9      | Found a flagged portal.
  7035 | D:9      | Gained mutation: Potions are less effective at restoring
                  | your health. [potion of mutation]
  7035 | D:9      | Gained mutation: You are partially covered in iridescent
                  | scales. (AC +2) [potion of mutation]
  7035 | D:9      | Gained mutation: You occasionally lose the ability to drink
                  | potions when taking damage. [potion of mutation]
  7161 | Bailey   | Entered a bailey
  7378 | Bailey   | Noticed an orc warlord
  7422 | Bailey   | Noticed an orc knight
  7477 | Bailey   | Learned a level 3 spell: Dazzling Flash
  7484 | Bailey   | Mangled by an orc knight

Illustrated notes

Levels and vault maps discovered:
D:1:      heliophobic_arrival_battle_scene, layout_basic
D:2:      layout_rooms, basic_altar, uniq_sigmund, uniq_natasha
D:3:      layout_basic, hellmonk_ecumenical_altar_lost_god,
          portal_sewer_entry_f, nrook_mini_vaults, feat_on_display, uniq_robin
D:4:      layout_loops_ring, mainiacjoe_overflow_boulevard, minitemple,
          minmay_misc_feat_doors
D:5:      layout_cave_pools, uniq_eustachio
D:6:      layout_rooms, gammafunk_ghost_hive
D:7:      layout_rooms, minmay_temple_entry_junction, corexii_checkpoint_a,
          uniq_prince_ribbit1
D:9:      layout_loops_corners, mainiacjoe_overflow_concentric_impassable,
          enter_bailey_2, minmay_stone_trees_medium,
          amcnicky_altar_lugonu_corruption
Temple:   nicolae_temple_bog_church
Bailey:   bailey_axe_bossmonster_kennysheep, bailey

Skill      XL: |  1  2  3  4  5  6  7  8  9 |
---------------+----------------------------+-----
Dodging        | 2 |  2.0
Fighting       | 1 2 3 |  3.0
Armour         | 1 2 3 |  3.0
Shields        | 1 2 3 5 8 |  8.8
Conjurations   | 4 5 6 |  6.0
Spellcasting   | 3 5 7 |  7.0
Stealth        | |  2.4

Action                   |  1- 3 |  4- 6 |  7- 9 || total
-------------------------+-------+-------+-------++-------
Melee: Short sword       |    20 |       |       ||    20
       Whip              |    22 |    38 |    91 ||   151
 Cast: Magic Dart        |    40 |    49 |    33 ||   122
       Searing Ray       |     1 |    11 |    49 ||    61
       Dazzling Flash    |       |       |     1 ||     1
 Abil: Shaft Self        |       |     1 |     1 ||     2
       Dig               |       |     1 |       ||     1
  Use: Scroll            |       |     3 |     6 ||     9
       Potion            |       |       |     2 ||     2
 Stab: Sleeping          |       |       |     3 ||     3
Armor: Robe              |     6 |     3 |       ||     9
       Leather armour    |       |     4 |    41 ||    45
Dodge: Dodged            |    29 |    21 |    58 ||   108
Block: Buckler           |       |     2 |    23 ||    25
       Kite shield       |       |       |    24 ||    24
